Map: King's Cove LE

Players

lightslayer

  • Race: Zerg Zerg
  • League: Platinum
  • Spawn Location: 5:00

RevenantRage - Winner!

  • Race: Protoss Protoss
  • League: Platinum
  • Spawn Location: 11:00

VOD

Have the link to the VOD?

Description

Pt 2 of who hurt this guy?

Time

  • Played on: Dec. 4, 2024, 10:58 a.m.
  • Length: 8:46
Show
View Real Time Build Order
Export as new Build Order

lightslayer Zerg 

Build Orders: Hatch First 

Get SALT Encoding   

  12  0:01  Drone  
  13  0:08  Drone  
  14  0:17  Overlord  
  14  0:42  Hatchery  
  13  0:57  Spawning Pool  
  13  0:59  Drone  
  13  1:03  Drone  
  14  1:09  Drone  
  15  1:23  Drone  
  15  1:25  Drone  
  17  1:48  Hatchery  
  17  1:52  Queen  
  18  1:59  Overlord  
  18  2:05  Drone  
  18  2:07  Drone  
  20  2:10  Drone  
  21  2:17  Overlord  
  21  2:22  Drone  
  22  2:27  Drone  
  22  2:28  Drone  
  24  2:39  Extractor  
  23  2:44  Drone  
  23  2:45  Drone x2  
  23  2:48  Queen  
  28  2:51  Drone  
  28  2:54  Zergling x2  
  30  3:01  Overlord  
  30  3:11  Queen  
  32  3:13  Drone  
  33  3:24  Overlord  
  33  3:31  Drone  
  33  3:32  Drone x3  
  33  3:33  Drone x2  
  39  3:40  Metabolic Boost  
  39  3:46  Drone x4  
  43  3:50  Extractor  
  40  4:14  Zergling x4  
  40  4:15  Zergling x4  
  40  4:20  Zergling x8  
  44  4:25  Drone x2  
  44  4:27  Drone x3  
  44  4:28  Overlord  
  49  4:43  Drone  
  49  4:44  Drone x4  
  54  4:48  Lair  
  54  4:52  Extractor  
  53  4:53  Drone x2  
  53  4:55  Drone  
  56  5:16  Overlord  
  56  5:21  Drone  
  56  5:23  Drone x8  
  56  5:27  Overlord x2  
  65  5:35  Drone  
  65  5:36  Roach Warren  
  65  5:40  Zergling x10  
  65  5:41  Zergling x2  
  71  5:57  Evolution Chamber x2  
  71  5:58  Drone x2  
  71  6:00  Zergling x4  
  71  6:01  Zergling x4  
  75  6:20  Tunneling Claws  
  75  6:23  Roach x7  
  88  6:28  Roach  
  88  6:29  Roach  
  86  6:35  Zergling x2  
  77  6:46  Roach x4  
  77  6:47  Roach x3  
  87  6:52  Roach  
  80  6:57  Roach  
  80  6:58  Roach  
  74  7:04  Roach  
  67  7:09  Drone x3  
  67  7:10  Drone  
  67  7:19  Roach  
  67  7:20  Roach x2  
  73  7:24  Roach x2  
  73  7:27  Queen  
  66  7:38  Zergling x6  
  65  7:50  Roach  
  65  7:51  Roach x3  
  67  7:54  Spine Crawler, Drone  
  57  8:03  Queen  
  57  8:11  Roach x7  
  66  8:14  Spine Crawler  
  66  8:17  Roach x4  
Show
View Real Time Build Order
Export as new Build Order

RevenantRage Protoss - Winner!

Build Orders:  

Get SALT Encoding   

  12  0:03  Probe  
  13  0:18  Probe  
  14  0:23  Pylon  
  14  0:30  Probe  
  15  0:43  Probe  
  15  0:44  Gateway  
  16  0:51  Probe  
  16  0:52  Assimilator  
  17  0:59  Probe  
  18  1:09  Probe  
  19  1:11  Pylon  
  19  1:17  Assimilator  
  19  1:21  Probe  
  20  1:33  Probe  
  21  1:45  Probe  
  22  1:48  Cybernetics Core  
  22  1:50  Gateway  
  22  1:53  Pylon  
  22  1:57  Probe  
  23  2:03  Zealot  
  25  2:09  Probe  
  26  2:33  Nexus  
  25  2:40  Shield Battery  
  25  2:48  Probe  
  26  2:55  Adept  
  26  2:56  Adept  
  30  3:00  Probe  
  30  3:03  Warp Gate  
  31  3:14  Probe  
  32  3:20  Twilight Council  
  32  3:26  Probe  
  33  3:38  Probe  
  34  3:51  Gateway  
  34  3:52  Gateway  
  34  3:54  Robotics Facility  
  34  3:55  Probe  
  35  3:56  Probe  
  36  4:23  Charge  
  31  4:25  Probe x2  
  33  4:37  Probe x2  
  35  4:44  Warp Prism  
  37  4:56  Pylon  
  37  4:59  Gateway  
  37  5:01  Gateway  
  37  5:03  Gateway  
  37  5:05  Probe  
  37  5:06  Probe  
  39  5:14  Templar Archives  
  39  5:17  Probe, Pylon  
  39  5:18  Probe  
  41  5:29  Probe  
  41  5:30  Probe  
  41  5:31  Assimilator  
  41  5:33  Assimilator  
  43  5:37  Zealot x4  
  51  5:50  Probe  
  51  5:51  Probe  
  53  6:03  Probe x2  
  55  6:23  Zealot x4  
  55  6:24  Zealot x3  
  67  6:43  Zealot  
  59  7:01  Pylon  
  59  7:04  Pylon  
  59  7:07  Pylon  
  55  7:09  Pylon  
  55  7:11  Pylon  
  55  7:14  Pylon  
  53  7:17  Zealot x2  
  53  7:18  Zealot x5  
  55  7:38  Zealot x4  
  55  7:39  Zealot x3  
  63  8:06  High Templar x6  
  63  8:07  High Templar  
  63  8:10  Archon x2  
  63  8:11  Archon  
  77  8:15  Probe x2  
  79  8:27  Probe x2  
Tags
 
Add a new tag
Caveats
  • Supply blocks, unpowered buildings, or Contaminate may cause inaccurate times.
  • Supply counts are checked every 10 seconds.